 Dungeon Crawl Stone Soup version 0.24.0-37-gcf1ca852f1 (webtiles) character file.

Game seed: 16075794613728100281, levelgen mode: deterministic

122 Froggeryz the Firebug (level 4, -6/33 HPs)
             Began as a Draconian Fire Elementalist on Nov 26, 2019.
             Killed from afar by a gnoll (28 damage)
             ... with an exploding inner flame
             ... hexed by the player character
             ... on level 3 of the Dungeon.
             The game lasted 00:04:08 (3150 turns).

Froggeryz the Firebug (Draconian Fire Elementalist) Turns: 3150, Time: 00:04:08

Health: -6/33      AC:  5    Str: 10    XL:     4   Next: 78%
Magic:  17/22      EV: 12    Int: 17    God:
Gold:   151        SH:  0    Dex: 11    Spells: 3/7 levels left

rFire    . . .     SeeInvis .   o - staff of power
rCold    . . .     Gourm    .   (no shield)
rNeg     . . .     Faith    .   (armour unavailable)
rPois    .         Spirit   .   (helmet restricted)
rElec    .         Reflect  .   (no cloak)
rCorr    .         Harm     .   (no gloves)
MR       .....                  (no boots)
Stlth    ++........             (no amulet)
HPRegen  0.11/turn              (no ring)
MPRegen  0.18/turn              (no ring)

@: no status effects
A: unfitting armour, cold-blooded, AC +5
a: no special abilities


You were on level 3 of the Dungeon.
You were very hungry.

You visited 1 branch of the dungeon, and saw 3 of its levels.

You collected 151 gold pieces.

Inventory:

Hand Weapons
 e - a +0 short sword
Missiles
 n - 4 poisoned darts (quivered)
Magical Staves
 o - an uncursed staff of power (weapon)
Jewellery
 i - an uncursed ring of stealth {unknown}
Scrolls
 a - 4 scrolls of blinking {unknown}
 c - a scroll of teleportation {unknown}
 d - 3 scrolls of identify {unknown}
 h - 3 scrolls of magic mapping {unknown}
 k - a scroll of remove curse {unknown}
Potions
 f - a potion of lignification {unknown}
 g - 2 potions of curing
 j - a potion of ambrosia {unknown}
 m - 2 potions of mutation {unknown}
Comestibles
 b - 6 rations


   Skills:
 - Level 1.7 Dodging
 - Level 1.7 Stealth
 - Level 2.0 Spellcasting
 - Level 1.0 Conjurations
 * Level 5.6 Fire Magic


You had 3 spell levels left.
You knew the following spells:

 Your Spells              Type           Power        Failure   Level  Hunger
a - Flame Tongue          Conj/Fire      ##...        4%          1    #......
b - Inner Flame           Hex/Fire       ##......     19%         3    ###....

Your spell library contained the following spells:

 Spells                   Type           Power        Failure   Level  Hunger
 Throw Flame              Conj/Fire      ##....       8%          2    ###....
 Conjure Flame            Conj/Fire      ##......     16%         3    ###....
 Sticky Flame             Conj/Fire      ##......     45%         4    #####..
 Fireball                 Conj/Fire      ##........   80%         5    ######.


Dungeon Overview and Level Annotations

Branches:
Dungeon (3/15)

Altars:
Uskayaw


Innate Abilities, Weirdness & Mutations

Your plain brown scales are hard. (AC +5)
You cannot fit into any form of body armour.
You are cold-blooded and may be slowed by cold attacks.


Message History

Aim: a gnoll, wielding a +0 club (moderately wounded, inner flame)
The flame tongue hits the gnoll!
The gnoll is almost dead.
The gnoll hits you but does no damage.
Casting: Flame Tongue (safe; 4% risk of failure)
Confirm with . or Enter, or press ? or * to list all spells.
Aiming: Flame Tongue (safe; 4% risk of failure)
Press: ? - help, Shift-Dir - straight line, f/p - gnoll
Aim: a gnoll, wielding a +0 club (almost dead, inner flame)
The flame tongue misses the gnoll.
Casting: Flame Tongue (safe; 4% risk of failure)
Confirm with . or Enter, or press ? or * to list all spells.
Aiming: Flame Tongue (safe; 4% risk of failure)
Press: ? - help, Shift-Dir - straight line, f/p - gnoll
Aim: a gnoll, wielding a +0 club (almost dead, inner flame)
The flame tongue hits the gnoll.
The gnoll explodes!
The fiery explosion engulfs you!!
Ouch! That really hurt!
You die...

#..........########
#..........##.....#
#........>.##.....#
#.................#
##........###.....#
#..........##.....#
#..........##.....#
#....<.....##...###
#........@§#..###
##.........§§.##
#.........§#§##
#.##......##.#
#.#########..##
#.............## #####
##.............########....
#..........................
#...............<...###....


There were no monsters in sight!

Vanquished Creatures
  4 adders
  2 oozes (D:3)
  3 dart slugs
  3 leopard geckos
  3 orcs (D:3)
  A ball python (D:3)
  5 giant cockroaches
  3 hobgoblins
  6 jackals
  5 kobolds
  A quokka (D:2)
  6 bats
  5 frilled lizards
  5 goblins
  12 rats
64 creatures vanquished.

Notes
Turn   | Place    | Note
-------+----------+-------------------------------------------
     0 | D:1      | Froggeryz the Draconian Fire Elementalist began the quest
                  | for the Orb.
     0 | D:1      | Reached XP level 1. HP: 14/14 MP: 3/3
   809 | D:1      | Reached XP level 2. HP: 20/20 MP: 5/5
   909 | D:1      | Found a hide-covered altar of Uskayaw.
  1088 | D:1      | Reached skill level 4 in Fire Magic
  1271 | D:1      | Reached XP level 3. HP: 13/26 MP: 4/6
  2252 | D:2      | Reached XP level 4. HP: 30/33 MP: 7/7
  2271 | D:2      | Reached skill level 5 in Fire Magic
  2951 | D:3      | Learned a level 3 spell: Inner Flame
  3150 | D:3      | Killed from afar by a gnoll

Levels and vault maps discovered:
D:1:      psy_arrival_dodecagon, layout_loops_ring, minmay_tree_intersection,
          hangedman_glass_teeth, hangedman_decor_points, minmay_hexomino_r4
D:2:      layout_basic
D:3:      layout_rooms, minmay_overflow_temple_star_hex, first_ration

Skill      XL: |  1  2  3  4 |
---------------+-------------+-----
Fire Magic     | 4 5 |  5.6
Dodging        | |  1.7
Stealth        | |  1.7
Spellcasting   | |  2.0
Conjurations   | |  1.0

Action                   |  1- 3 |  4- 6 || total
-------------------------+-------+-------++-------
Melee: Unarmed           |    49 |       ||    49
       Tailslap          |    17 |     8 ||    25
       Short sword       |    94 |    84 ||   178
       Staff             |       |     1 ||     1
Throw: Dart              |       |     3 ||     3
 Cast: Flame Tongue      |    21 |    15 ||    36
       Inner Flame       |       |     3 ||     3
  Use: Potion            |     1 |       ||     1
 Stab: Sleeping          |     5 |     1 ||     6
       Distracted        |       |     1 ||     1
  Eat: Chunk             |     5 |     2 ||     7
Armor: Skin              |    63 |    26 ||    89
Dodge: Dodged            |   136 |    64 ||   200
